Boston Bruins vs Calgary Flames
(R1)
Created - Friday, February 28, 2025 at 08:53
Goals
|
| Boston Bruins |
0 |
1 |
2 |
0 |
0 |
3 |
| Calgary Flames |
1 |
2 |
0 |
0 |
1 |
4 |
|
Shots
|
| Boston Bruins |
7 |
12 |
7 |
1 |
4 |
27 |
| Calgary Flames |
17 |
14 |
6 |
6 |
4 |
43 |
|
1st period
1. Calgary Flames , Pavel Zacha 14 (Sebastian Aho 12, Zach Hyman 12) at 9:47 (PP)
Penalties :
Nic Dowd (CGY) for Interference (Minor) at 4:10, Vincent Trocheck (BOS) for Roughing (Minor) at 8:41, Sebastian Aho (CGY) for Fighting (Major) at 14:04, Connor Clifton (BOS) for Fighting (Major) at 14:04, J.T. Miller (CGY) for Cross-checking (Minor) at 16:41
2nd period
2. Calgary Flames , J.T. Miller 12 (Matthew Tkachuk 14, Chris Kreider 13) at 13:43 (PP)
3. Calgary Flames , Pavel Zacha 15 (Sebastian Aho 13, Zach Hyman 13) at 17:11 (PP)
4. Boston Bruins , John-Jason Peterka 5 (Ryan Strome 4, Ryan Lindgren 6) at 18:18
Penalties :
Mathieu Joseph (CGY) for High sticking (Minor) at 11:25, Ryan Strome (BOS) for Hooking (Minor) at 13:38, Alex Newhook (BOS) for Slashing (Minor) at 15:19
3rd period
5. Boston Bruins , Joel Farabee 6 (Alex Newhook 14, Evander Kane 3) at 2:33
6. Boston Bruins , Alex Newhook 5 (Joel Farabee 11) at 5:01 (PP)
Penalties :
Filip Hronek (CGY) for Tripping (Minor) at 4:14, Bo Horvat (CGY) for Roughing (Minor) at 5:49, Ryan Lindgren (BOS) for Hooking (Minor) at 12:20, Anders Lee (BOS) for Hooking (Minor) at 19:58
Overtime #1
No Goal
Penalties :
No Penalty
Shootout
Boston Bruins, Vincent Trocheck - Shot Misses the Net
Calgary Flames, J.T. Miller - Stopped by Pyotr Kochetkov
Boston Bruins, Jonathan Marchessault - Stopped by Ilya Sorokin
Calgary Flames, Chris Kreider - Stopped by Pyotr Kochetkov
Boston Bruins, Alex Newhook - Stopped by Ilya Sorokin
Calgary Flames, Sebastian Aho - Shot Misses the Net
Boston Bruins, Andrew Copp - Shot Misses the Net
Calgary Flames, Joel Eriksson Ek - Goal!
Penalties :
No Penalty
Goalie Stats
Pyotr Kochetkov (BOS), 40 saves from 43 shots - (0.930), OTL, 7-2-3, 65:00 minutes
Ilya Sorokin (CGY), 24 saves from 27 shots - (0.889), W, 12-6-0, 65:00 minutes
Players Stats for Boston Bruins
Player Name G A P +/- PIM S H SB GA TA FO MP PP MP PK MP
------------------------------------------------------------------------------------
Alex Newhook 1 1 2 1 2 1 2 0 0 0 6/23 19:54 4:19 1:31
Anders Lee 0 0 0 1 2 1 1 2 0 0 0/1 12:22 0:03 0:00
Andrew Copp 0 0 0 0 0 1 3 0 0 0 3/5 20:56 4:21 2:14
Cam York 0 0 0 0 0 1 1 0 1 2 0/0 24:53 4:45 3:21
Connor Clifton 0 0 0 0 5 0 0 1 0 0 0/0 21:42 3:27 3:26
Eetu Luostarinen 0 0 0 0 0 3 0 1 0 0 0/1 8:42 0:00 0:00
Evander Kane 0 1 1 1 0 3 2 0 0 0 0/0 17:09 4:19 0:00
Joel Farabee 1 1 2 1 0 3 2 0 2 3 0/2 17:09 4:19 0:00
John Ludvig 0 0 0 0 0 0 1 0 0 1 0/0 15:42 0:05 0:18
John-Jason Peterka 1 0 1 1 0 1 1 0 0 0 0/3 13:04 0:00 1:22
Jonathan Marchessault 0 0 0 0 0 2 2 1 1 1 0/5 22:03 4:21 3:37
Michael Rasmussen 0 0 0 0 0 0 0 0 0 0 0/0 9:01 0:00 0:15
Morgan Geekie 0 0 0 0 0 0 0 0 0 0 1/1 8:42 0:00 0:00
Ryan Lindgren 0 1 1 2 2 0 1 0 0 0 0/0 25:17 4:49 2:45
Ryan Strome 0 1 1 1 2 2 0 1 0 1 1/6 11:47 0:03 0:00
Torey Krug 0 0 0 2 0 2 2 0 0 0 0/0 27:16 4:15 3:54
Vincent Trocheck 0 0 0 0 2 5 3 1 1 1 7/17 22:02 4:24 3:05
Yegor Zamula 0 0 0 0 0 2 0 0 0 0 0/0 15:12 0:05 0:18
Players Stats for Calgary Flames
Player Name G A P +/- PIM S H SB GA TA FO MP PP MP PK MP
------------------------------------------------------------------------------------
Bo Horvat 0 0 0 -2 2 2 0 0 0 0 5/7 12:47 0:00 0:00
Cale Makar 0 0 0 0 0 3 0 0 2 0 0/0 26:37 3:17 4:28
Chris Kreider 0 1 1 0 0 5 2 1 1 0 0/1 23:05 2:11 4:27
Drew Doughty 0 0 0 0 0 3 2 0 0 1 0/0 26:37 3:17 4:28
Filip Hronek 0 0 0 -2 2 0 1 1 0 0 0/0 14:13 0:00 0:00
J.T. Miller 1 0 1 0 2 5 3 0 0 0 17/23 21:25 2:11 3:25
Jake Middleton 0 0 0 -2 0 1 1 0 0 0 0/0 14:14 0:00 0:00
Jeremy Lauzon 0 0 0 0 0 1 2 3 0 1 0/0 24:09 1:46 4:15
Joel Eriksson Ek 0 0 0 0 0 3 1 1 0 0 0/0 18:38 0:00 4:14
Kris Letang 0 0 0 0 0 1 0 3 0 1 0/0 24:09 1:46 4:15
Mathieu Joseph 0 0 0 0 2 1 1 0 0 0 0/0 7:49 0:00 0:00
Matthew Tkachuk 0 1 1 0 0 1 1 0 2 0 2/4 15:34 2:11 0:00
Nic Dowd 0 0 0 0 2 0 0 0 0 0 1/1 10:09 0:00 0:00
Nicholas Paul 0 0 0 0 0 2 3 0 0 0 3/4 10:02 0:00 1:08
Oliver Bjorkstrand 0 0 0 -2 0 3 0 0 1 0 0/0 12:00 0:00 0:00
Pavel Zacha 2 0 2 -2 0 4 2 0 1 0 1/1 15:47 2:52 0:55
Sebastian Aho 0 2 2 0 5 2 0 0 2 2 17/23 19:03 2:52 3:17
Zach Hyman 0 2 2 0 0 6 0 0 0 0 0/0 14:53 2:52 0:00
3 Stars
1 - Joel Farabee (BOS)
2 - Pavel Zacha (CGY)
3 - Alex Newhook (BOS)
Power Play
Boston Bruins - 1 on 5 Attempt(s) - 20.00%
Calgary Flames - 3 on 5 Attempt(s) - 60.00%
Penalty Kill
Boston Bruins - 2 on 5 Attempt(s) - 40.00%
- Score 0 goal in Penalty Kill
Calgary Flames - 4 on 5 Attempt(s) - 80.00%
- Score 0 goal in Penalty Kill
Team Stat
Boston Bruins - Hits : 21 - Faceoff Wins : 18 - Blocked Shots : 7 - Penalty Minutes : 15
Calgary Flames - Hits : 19 - Faceoff Wins : 46 - Blocked Shots : 9 - Penalty Minutes : 15
Official
Referees : Francis Charron and Garrett Rank
Linesman : Brad Kovachik and CJ Murray
Game Notes
Connor Clifton beats up Sebastian Aho at 14:04 of 1st period
Finance
Level 1 -- Attendance: 4507 (75.12%) -- Ticket Income $450,700
Level 2 -- Attendance: 4221 (84.42%) -- Ticket Income $253,260
Level 3 -- Attendance: 2315 (77.17%) -- Ticket Income $81,025
Level 4 -- Attendance: 3807 (76.14%) -- Ticket Income $95,175
Luxury Box -- Attendance: 838 (83.80%) -- Ticket Income $167,600
Game was played at the Scotiabank Saddledome.
Total Attendance: 15688 (78.44%)
Total Ticket Income: $1,047,760
Other Income: $366,716
Total Income: $1,414,476
Boston Bruins
5 vs 5 Forward
Center Left Wing Right Wing Time % Phy DF OF
1 Vincent Trocheck Jonathan Marchessault Andrew Copp 30 1 2 2
2 Alex Newhook Evander Kane Joel Farabee 30 1 2 2
3 Ryan Strome Anders Lee John-Jason Peterka 25 1 2 2
4 Eetu Luostarinen Michael Rasmussen Morgan Geekie 15 1 2 2
5 vs 5 Defense
Defense Defense Time % Phy DF OF
1 Torey Krug Ryan Lindgren 35 1 2 2
2 Cam York Connor Clifton 35 1 2 2
3 John Ludvig Yegor Zamula 30 1 2 2
4 Torey Krug Ryan Lindgren 0 1 2 2
PowerPlay Forward
Center Left Wing Right Wing Time % Phy DF OF
1 Vincent Trocheck Jonathan Marchessault Andrew Copp 50 1 2 2
2 Alex Newhook Evander Kane Joel Farabee 50 1 2 2
PowerPlay Defense
Defense Defense Time % Phy DF OF
1 Torey Krug Ryan Lindgren 50 1 2 2
2 Cam York Connor Clifton 50 1 2 2
Penalty Kill 4 Players Forward
Center Wing Time % Phy DF OF
1 Vincent Trocheck Jonathan Marchessault 50 1 2 2
2 Alex Newhook Andrew Copp 50 1 2 2
Penalty Kill 4 Players Defense
Defense Defense Time % Phy DF OF
1 Torey Krug Ryan Lindgren 50 1 2 2
2 Cam York Connor Clifton 50 1 2 2
Penalty Kill - 3 Players Forward
Forward Time % Phy DF OF
1 Vincent Trocheck 50 1 2 2
2 Jonathan Marchessault 50 1 2 2
Penalty Kill - 3 Players Defense
Defense Defense Time % Phy DF OF
1 Torey Krug Ryan Lindgren 50 1 2 2
2 Cam York Connor Clifton 50 1 2 2
4 vs 4 Forward
Center Wing Time % Phy DF OF
1 Vincent Trocheck Jonathan Marchessault 50 1 2 2
2 Alex Newhook Andrew Copp 50 1 2 2
4 vs 4 Defense
Defense Defense Time % Phy DF OF
1 Torey Krug Ryan Lindgren 50 1 2 2
2 Cam York Connor Clifton 50 1 2 2
Last Minutes Offensive
Center Left Wing Right Wing Defense Defense
Vincent Trocheck Jonathan Marchessault Andrew Copp Torey Krug Ryan Lindgren
Last Minutes Defensive
Center Left Wing Right Wing Defense Defense
Vincent Trocheck Jonathan Marchessault Andrew Copp Torey Krug Ryan Lindgren
Goaltenders
Starting : Pyotr Kochetkov
Backup : Petr Mrazek
Extra Forwards
Normal : Anders Lee, Ryan Strome, John-Jason Peterka - PP : Anders Lee, Ryan Strome - PK : John-Jason Peterka
Extra Defensemen
Normal : Connor Clifton, Torey Krug, Cam York - PP : Connor Clifton - PK : Ryan Lindgren, Cam York
Penalty Shots
Vincent Trocheck, Jonathan Marchessault, Alex Newhook, Andrew Copp, Evander Kane
Scratches
Anthony Beauvillier (Healthy), Drew O'Connor (Healthy), Alex Vlasic (Sprained Right Finger Injury), Beck Malenstyn (Healthy), Angus Crookshank (Healthy)
Calgary Flames
5 vs 5 Forward
Center Left Wing Right Wing Time % Phy DF OF
1 J.T. Miller Chris Kreider Matthew Tkachuk 30 0 3 2
2 Sebastian Aho Joel Eriksson Ek Zach Hyman 30 0 3 2
3 Bo Horvat Pavel Zacha Oliver Bjorkstrand 25 0 2 3
4 Nicholas Paul Nic Dowd Mathieu Joseph 15 1 2 2
5 vs 5 Defense
Defense Defense Time % Phy DF OF
1 Drew Doughty Cale Makar 35 0 2 3
2 Kris Letang Jeremy Lauzon 35 0 2 3
3 Filip Hronek Jake Middleton 30 1 2 2
4 Drew Doughty Cale Makar 0 1 2 2
PowerPlay Forward
Center Left Wing Right Wing Time % Phy DF OF
1 J.T. Miller Chris Kreider Matthew Tkachuk 50 1 2 2
2 Sebastian Aho Pavel Zacha Zach Hyman 50 1 2 2
PowerPlay Defense
Defense Defense Time % Phy DF OF
1 Drew Doughty Cale Makar 50 1 2 2
2 Kris Letang Jeremy Lauzon 50 1 2 2
Penalty Kill 4 Players Forward
Center Wing Time % Phy DF OF
1 J.T. Miller Chris Kreider 50 1 2 2
2 Sebastian Aho Joel Eriksson Ek 50 1 2 2
Penalty Kill 4 Players Defense
Defense Defense Time % Phy DF OF
1 Drew Doughty Cale Makar 50 1 2 2
2 Kris Letang Jeremy Lauzon 50 1 2 2
Penalty Kill - 3 Players Forward
Forward Time % Phy DF OF
1 J.T. Miller 50 1 2 2
2 Chris Kreider 50 1 2 2
Penalty Kill - 3 Players Defense
Defense Defense Time % Phy DF OF
1 Drew Doughty Cale Makar 50 1 2 2
2 Kris Letang Jeremy Lauzon 50 1 2 2
4 vs 4 Forward
Center Wing Time % Phy DF OF
1 J.T. Miller Chris Kreider 50 1 2 2
2 Sebastian Aho Joel Eriksson Ek 50 1 2 2
4 vs 4 Defense
Defense Defense Time % Phy DF OF
1 Drew Doughty Cale Makar 50 1 2 2
2 Kris Letang Jeremy Lauzon 50 1 2 2
Last Minutes Offensive
Center Left Wing Right Wing Defense Defense
J.T. Miller Chris Kreider Matthew Tkachuk Drew Doughty Cale Makar
Last Minutes Defensive
Center Left Wing Right Wing Defense Defense
J.T. Miller Chris Kreider Matthew Tkachuk Drew Doughty Cale Makar
Goaltenders
Starting : Ilya Sorokin
Backup : Samuel Montembeault
Extra Forwards
Normal : Nic Dowd, Bo Horvat, Nicholas Paul - PP : Nic Dowd, Bo Horvat - PK : Nicholas Paul
Extra Defensemen
Normal : Filip Hronek, Jake Middleton, Kris Letang - PP : Filip Hronek - PK : Jake Middleton, Kris Letang
Penalty Shots
J.T. Miller, Chris Kreider, Sebastian Aho, Joel Eriksson Ek, Bo Horvat
Scratches
None
% Time on Ice - Boston Bruins
Lines # - Real PCT - Wanted PCT - Time Play
Normal Forward
1 - 28% - 30% - 13:00
2 - 28% - 30% - 12:54
3 - 25% - 25% - 11:38
4 - 19% - 15% - 8:42
Normal Defense
1 - 36% - 35% - 16:44
2 - 35% - 35% - 16:15
3 - 29% - 30% - 13:15
4 - 0% - 0% - 0:00
PP Forward
1 - 50% - 50% - 4:24
2 - 50% - 50% - 4:19
PP Defense
1 - 45% - 50% - 3:53
2 - 55% - 50% - 4:50
PK Forward
1 - 54% - 50% - 2:43
2 - 46% - 50% - 2:20
PK Defense
1 - 59% - 50% - 3:00
2 - 41% - 50% - 2:03
PK3 Forward
1 - 52% - 50% - 1:01
2 - 48% - 50% - 0:57
PK3 Defense
1 - 61% - 50% - 1:12
2 - 39% - 50% - 0:46
44 Forward
1 - 52% - 50% - 1:34
2 - 48% - 50% - 1:28
44 Defense
1 - 53% - 50% - 1:37
2 - 47% - 50% - 1:25
Last Minute Offensive - 0:00
Last Minute Defensive - 0:00
Total
Forward - 65:00
Defense - 65:00
|
% Time on Ice - Calgary Flames
Lines # - Real PCT - Wanted PCT - Time Play
Normal Forward
1 - 28% - 30% - 12:57
2 - 29% - 30% - 13:28
3 - 26% - 25% - 12:00
4 - 17% - 15% - 7:49
Normal Defense
1 - 35% - 35% - 16:01
2 - 35% - 35% - 15:59
3 - 31% - 30% - 14:14
4 - 0% - 0% - 0:00
PP Forward
1 - 43% - 50% - 2:11
2 - 57% - 50% - 2:52
PP Defense
1 - 65% - 50% - 3:17
2 - 35% - 50% - 1:46
PK Forward
1 - 51% - 50% - 4:29
2 - 49% - 50% - 4:14
PK Defense
1 - 51% - 50% - 4:28
2 - 49% - 50% - 4:15
PK3 Forward
1 - 0% - 50%
2 - 0% - 50%
PK3 Defense
1 - 0% - 50%
2 - 0% - 50%
44 Forward
1 - 58% - 50% - 2:54
2 - 42% - 50% - 2:06
44 Defense
1 - 57% - 50% - 2:51
2 - 43% - 50% - 2:09
Last Minute Offensive - 0:00
Last Minute Defensive - 0:00
Total
Forward - 65:00
Defense - 65:00
|
Play-by-Play
1st period
0:01 of 1st period - J.T. Miller wins face-off versus Vincent Trocheck in neutral zone.
0:12 of 1st period - Slapshot by J.T. Miller.
0:12 of 1st period - Stopped by Pyotr Kochetkov with a rebound.
0:14 of 1st period - Slapshot by Cale Makar.
0:14 of 1st period - Shot Blocked by Jonathan Marchessault.
0:16 of 1st period - Slapshot by Drew Doughty.
0:16 of 1st period - Stopped by Pyotr Kochetkov without a rebound.
0:17 of 1st period - Sebastian Aho wins face-off versus Alex Newhook in Boston Bruins zone.
0:18 of 1st period - Slapshot by Zach Hyman.
0:18 of 1st period - Stopped by Pyotr Kochetkov without a rebound.
0:19 of 1st period - Sebastian Aho wins face-off versus Alex Newhook in Boston Bruins zone.
0:22 of 1st period - Wrist shot by Sebastian Aho.
0:22 of 1st period - Stopped by Pyotr Kochetkov with a rebound.
0:51 of 1st period - Snap shot by John-Jason Peterka.
0:51 of 1st period - Shot Misses the Net.
2:24 of 1st period - Off-side.
2:25 of 1st period - Nicholas Paul wins face-off versus Ryan Strome in neutral zone.
2:28 of 1st period - Ryan Lindgren is hit by Mathieu Joseph and loses puck.
2:51 of 1st period - Nic Dowd is hit by Torey Krug and loses puck.
3:12 of 1st period - Kris Letang is hit by John-Jason Peterka and loses puck.
4:08 of 1st period - Slapshot by Ryan Strome.
4:08 of 1st period - Shot Blocked by Kris Letang.
4:10 of 1st period - Minor Penalty to Nic Dowd for Interference.
4:11 of 1st period - Vincent Trocheck wins face-off versus J.T. Miller in Calgary Flames zone.
5:26 of 1st period - Torey Krug is hit by J.T. Miller and loses puck.
5:45 of 1st period - Alex Newhook is hit by Drew Doughty and loses puck.
6:10 of 1st period - Penalty to Nic Dowd is over, Nic Dowd is back on ice.
8:09 of 1st period - John Ludvig is hit by Pavel Zacha and loses puck.
8:13 of 1st period - Icing by John Ludvig.
8:14 of 1st period - Sebastian Aho wins face-off versus Anders Lee in Boston Bruins zone.
8:17 of 1st period - Slapshot by Joel Eriksson Ek.
8:17 of 1st period - Stopped by Pyotr Kochetkov without a rebound.
8:18 of 1st period - Vincent Trocheck wins face-off versus Sebastian Aho in Boston Bruins zone.
8:33 of 1st period - Wrist shot by Zach Hyman.
8:33 of 1st period - Stopped by Pyotr Kochetkov with a rebound.
8:35 of 1st period - Snap shot by Jeremy Lauzon.
8:35 of 1st period - Stopped by Pyotr Kochetkov with a rebound.
8:41 of 1st period - Minor Penalty to Vincent Trocheck for Roughing.
8:42 of 1st period - J.T. Miller wins face-off versus John-Jason Peterka in Boston Bruins zone.
9:45 of 1st period - Snap shot by Sebastian Aho.
9:45 of 1st period - Shot Misses the Net.
9:47 of 1st period - Snap shot by Pavel Zacha.
9:47 of 1st period - Goal by Pavel Zacha - Boston Bruins : 0 - Calgary Flames : 1.
9:48 of 1st period - J.T. Miller wins face-off versus Alex Newhook in neutral zone.
10:20 of 1st period - Snap shot by Bo Horvat.
10:20 of 1st period - Stopped by Pyotr Kochetkov with a rebound.
10:24 of 1st period - Wrist shot by Bo Horvat.
10:24 of 1st period - Deflect By Alex Newhook.
10:24 of 1st period - Shot Misses the Net.
10:24 of 1st period - Puck is out of play.
10:25 of 1st period - Sebastian Aho wins face-off versus Jonathan Marchessault in Boston Bruins zone.
10:52 of 1st period - Morgan Geekie is hit by Drew Doughty.
10:58 of 1st period - Snap shot by Eetu Luostarinen.
10:58 of 1st period - Stopped by Ilya Sorokin with a rebound.
11:00 of 1st period - Snap shot by Eetu Luostarinen.
11:00 of 1st period - Stopped by Ilya Sorokin without a rebound.
11:01 of 1st period - J.T. Miller wins face-off versus Alex Newhook in Calgary Flames zone.
11:08 of 1st period - Wrist shot by J.T. Miller.
11:08 of 1st period - Stopped by Pyotr Kochetkov with a rebound.
11:10 of 1st period - Snap shot by Chris Kreider.
11:10 of 1st period - Stopped by Pyotr Kochetkov with a rebound.
11:12 of 1st period - Snap shot by J.T. Miller.
11:12 of 1st period - Shot Misses the Net.
11:35 of 1st period - Slapshot by Andrew Copp.
11:35 of 1st period - Stopped by Ilya Sorokin with a rebound.
12:05 of 1st period - Wrist shot by Oliver Bjorkstrand.
12:05 of 1st period - Shot Blocked by Connor Clifton.
12:15 of 1st period - Snap shot by Morgan Geekie.
12:15 of 1st period - Shot Misses the Net.
13:03 of 1st period - Snap shot by Sebastian Aho.
13:03 of 1st period - Shot Misses the Net.
13:09 of 1st period - Snap shot by Joel Eriksson Ek.
13:09 of 1st period - Shot Misses the Net.
13:29 of 1st period - Slapshot by Oliver Bjorkstrand.
13:29 of 1st period - Deflect By Jonathan Marchessault.
13:29 of 1st period - Stopped by Pyotr Kochetkov with a rebound.
13:39 of 1st period - Jonathan Marchessault is hit by Chris Kreider and loses puck.
14:00 of 1st period - Snap shot by Vincent Trocheck.
14:00 of 1st period - Stopped by Ilya Sorokin with a rebound.
14:02 of 1st period - Wrist shot by Yegor Zamula.
14:02 of 1st period - Stopped by Ilya Sorokin without a rebound.
14:03 of 1st period - Sebastian Aho wins face-off versus Alex Newhook in Calgary Flames zone.
14:03 of 1st period - Sebastian Aho is hit by Alex Newhook.
14:04 of 1st period - Connor Clifton beats up Sebastian Aho.
14:04 of 1st period - Penalty to Sebastian Aho for Fighting.
14:04 of 1st period - Penalty to Connor Clifton for Fighting.
14:05 of 1st period - J.T. Miller wins face-off versus Alex Newhook in Calgary Flames zone.
14:33 of 1st period - Nic Dowd is hit by Cam York.
14:39 of 1st period - Slapshot by Cale Makar.
14:39 of 1st period - Deflect By Cam York.
14:39 of 1st period - Stopped by Pyotr Kochetkov without a rebound.
14:40 of 1st period - Vincent Trocheck wins face-off versus Bo Horvat in Boston Bruins zone.
14:54 of 1st period - Snap shot by Oliver Bjorkstrand.
14:54 of 1st period - Shot Blocked by Vincent Trocheck.
14:56 of 1st period - Snap shot by Pavel Zacha.
14:56 of 1st period - Stopped by Pyotr Kochetkov with a rebound.
15:30 of 1st period - Cale Makar is hit by Evander Kane.
15:42 of 1st period - Alex Newhook is hit by J.T. Miller.
16:21 of 1st period - Eetu Luostarinen is hit by Nicholas Paul.
16:36 of 1st period - Snap shot by Joel Farabee.
16:36 of 1st period - Stopped by Ilya Sorokin without a rebound.
16:37 of 1st period - Alex Newhook wins face-off versus J.T. Miller in Calgary Flames zone.
16:41 of 1st period - Minor Penalty to J.T. Miller for Cross-checking.
16:42 of 1st period - Nicholas Paul wins face-off versus Alex Newhook in Calgary Flames zone.
16:58 of 1st period - Slapshot by Alex Newhook.
16:58 of 1st period - Shot Blocked by Jeremy Lauzon.
17:37 of 1st period - Icing by Andrew Copp.
17:38 of 1st period - Nicholas Paul wins face-off versus Jonathan Marchessault in Boston Bruins zone.
17:41 of 1st period - Wrist shot by Chris Kreider.
17:41 of 1st period - Stopped by Pyotr Kochetkov with a rebound.
17:53 of 1st period - Slapshot by Drew Doughty.
17:53 of 1st period - Stopped by Pyotr Kochetkov with a rebound.
18:17 of 1st period - Slapshot by Joel Farabee.
18:17 of 1st period - Shot Blocked by Jeremy Lauzon.
18:21 of 1st period - Wrist shot by Evander Kane.
18:21 of 1st period - Stopped by Ilya Sorokin without a rebound.
18:22 of 1st period - Pavel Zacha wins face-off versus Andrew Copp in Calgary Flames zone.
18:35 of 1st period - Chris Kreider is hit by Vincent Trocheck and loses puck.
18:41 of 1st period - Penalty to J.T. Miller is over, J.T. Miller is back on ice.
18:56 of 1st period - Snap shot by Zach Hyman.
18:56 of 1st period - Stopped by Pyotr Kochetkov with a rebound.
Goals for this period are 0 for Boston Bruins vs 1 for Calgary Flames.
Shots for this period are 7 for Boston Bruins vs 17 for Calgary Flames.
2nd period
0:01 of 2nd period - J.T. Miller wins face-off versus Joel Farabee in neutral zone.
0:16 of 2nd period - Snap shot by Evander Kane.
0:16 of 2nd period - Stopped by Ilya Sorokin with a rebound.
0:28 of 2nd period - Wrist shot by Jonathan Marchessault.
0:28 of 2nd period - Shot Misses the Net.
0:30 of 2nd period - Slapshot by Torey Krug.
0:30 of 2nd period - Stopped by Ilya Sorokin without a rebound.
0:31 of 2nd period - Sebastian Aho wins face-off versus Vincent Trocheck in Calgary Flames zone.
0:45 of 2nd period - Icing by Sebastian Aho.
0:46 of 2nd period - Sebastian Aho wins face-off versus Alex Newhook in Calgary Flames zone.
0:46 of 2nd period - Sebastian Aho is hit by Evander Kane.
0:54 of 2nd period - Snap shot by Zach Hyman.
0:54 of 2nd period - Shot Misses the Net.
0:56 of 2nd period - Wrist shot by Jake Middleton.
0:56 of 2nd period - Stopped by Pyotr Kochetkov with a rebound.
0:58 of 2nd period - Wrist shot by Joel Eriksson Ek.
0:58 of 2nd period - Stopped by Pyotr Kochetkov with a rebound.
1:44 of 2nd period - Snap shot by Zach Hyman.
1:44 of 2nd period - Stopped by Pyotr Kochetkov with a rebound.
1:50 of 2nd period - Wrist shot by Zach Hyman.
1:50 of 2nd period - Stopped by Pyotr Kochetkov with a rebound.
1:52 of 2nd period - Slapshot by Joel Eriksson Ek.
1:52 of 2nd period - Stopped by Pyotr Kochetkov without a rebound.
1:53 of 2nd period - J.T. Miller wins face-off versus Vincent Trocheck in Boston Bruins zone.
2:08 of 2nd period - Wrist shot by Matthew Tkachuk.
2:08 of 2nd period - Deflect By J.T. Miller.
2:08 of 2nd period - Stopped by Pyotr Kochetkov without a rebound.
2:09 of 2nd period - Bo Horvat wins face-off versus Ryan Strome in Boston Bruins zone.
3:35 of 2nd period - Snap shot by Evander Kane.
3:35 of 2nd period - Shot Blocked by Joel Eriksson Ek.
3:37 of 2nd period - Slapshot by Evander Kane.
3:37 of 2nd period - Shot Misses the Net.
3:47 of 2nd period - Kris Letang is hit by Jonathan Marchessault.
5:38 of 2nd period - Snap shot by Vincent Trocheck.
5:38 of 2nd period - Stopped by Ilya Sorokin with a rebound.
5:40 of 2nd period - Snap shot by Jonathan Marchessault.
5:40 of 2nd period - Shot Misses the Net.
6:02 of 2nd period - Snap shot by Ryan Strome.
6:02 of 2nd period - Stopped by Ilya Sorokin without a rebound.
6:03 of 2nd period - J.T. Miller wins face-off versus Alex Newhook in Calgary Flames zone.
6:28 of 2nd period - Drew Doughty is hit by Anders Lee and loses puck.
6:45 of 2nd period - Connor Clifton is hit by Matthew Tkachuk and loses puck.
8:02 of 2nd period - Wrist shot by Nicholas Paul.
8:02 of 2nd period - Stopped by Pyotr Kochetkov with a rebound.
8:10 of 2nd period - Nicholas Paul is hit by Torey Krug and loses puck.
9:15 of 2nd period - Jake Middleton is hit by John Ludvig.
9:27 of 2nd period - Slapshot by Oliver Bjorkstrand.
9:27 of 2nd period - Stopped by Pyotr Kochetkov with a rebound.
10:01 of 2nd period - Sebastian Aho is hit by Joel Farabee and loses puck.
10:16 of 2nd period - Snap shot by Morgan Geekie.
10:16 of 2nd period - Deflect By Eetu Luostarinen.
10:16 of 2nd period - Stopped by Ilya Sorokin with a rebound.
11:05 of 2nd period - Slapshot by Cale Makar.
11:05 of 2nd period - Shot Misses the Net.
11:19 of 2nd period - Michael Rasmussen is hit by Nicholas Paul and loses puck.
11:25 of 2nd period - Minor Penalty to Mathieu Joseph for High sticking.
11:26 of 2nd period - Sebastian Aho wins face-off versus Alex Newhook in Calgary Flames zone.
11:58 of 2nd period - Snap shot by Jonathan Marchessault.
11:58 of 2nd period - Stopped by Ilya Sorokin with a rebound.
12:00 of 2nd period - Slapshot by Jonathan Marchessault.
12:00 of 2nd period - Deflect By Andrew Copp.
12:00 of 2nd period - Deflect By J.T. Miller.
12:00 of 2nd period - Shot Blocked by Chris Kreider.
12:00 of 2nd period - Puck is out of play.
12:01 of 2nd period - Andrew Copp wins face-off versus Chris Kreider in Calgary Flames zone.
12:04 of 2nd period - Snap shot by Vincent Trocheck.
12:04 of 2nd period - Stopped by Ilya Sorokin with a rebound.
12:06 of 2nd period - Slapshot by Connor Clifton.
12:06 of 2nd period - Shot Misses the Net.
12:08 of 2nd period - Slapshot by Connor Clifton.
12:08 of 2nd period - Shot Misses the Net.
13:00 of 2nd period - Cam York is hit by Chris Kreider and loses puck.
13:25 of 2nd period - Penalty to Mathieu Joseph is over, Mathieu Joseph is back on ice.
13:38 of 2nd period - Minor Penalty to Ryan Strome for Hooking.
13:39 of 2nd period - Matthew Tkachuk wins face-off versus Alex Newhook in Boston Bruins zone.
13:43 of 2nd period - Snap shot by J.T. Miller.
13:43 of 2nd period - Goal by J.T. Miller - Boston Bruins : 0 - Calgary Flames : 2.
13:44 of 2nd period - Matthew Tkachuk wins face-off versus Jonathan Marchessault in neutral zone.
14:44 of 2nd period - Snap shot by Anders Lee.
14:44 of 2nd period - Stopped by Ilya Sorokin without a rebound.
14:45 of 2nd period - Andrew Copp wins face-off versus J.T. Miller in Calgary Flames zone.
14:46 of 2nd period - Slapshot by Vincent Trocheck.
14:46 of 2nd period - Stopped by Ilya Sorokin with a rebound.
15:19 of 2nd period - Minor Penalty to Alex Newhook for Slashing.
15:20 of 2nd period - J.T. Miller wins face-off versus John-Jason Peterka in Boston Bruins zone.
15:22 of 2nd period - Snap shot by Chris Kreider.
15:22 of 2nd period - Shot Misses the Net.
15:24 of 2nd period - Wrist shot by Chris Kreider.
15:24 of 2nd period - Stopped by Pyotr Kochetkov without a rebound.
15:25 of 2nd period - J.T. Miller wins face-off versus John-Jason Peterka in Boston Bruins zone.
16:02 of 2nd period - Wrist shot by Matthew Tkachuk.
16:02 of 2nd period - Stopped by Pyotr Kochetkov without a rebound.
16:03 of 2nd period - Andrew Copp wins face-off versus Sebastian Aho in Boston Bruins zone.
17:01 of 2nd period - Wrist shot by Zach Hyman.
17:01 of 2nd period - Stopped by Pyotr Kochetkov with a rebound.
17:11 of 2nd period - Slapshot by Pavel Zacha.
17:11 of 2nd period - Goal by Pavel Zacha - Boston Bruins : 0 - Calgary Flames : 3.
17:12 of 2nd period - Alex Newhook wins face-off versus J.T. Miller in neutral zone.
17:23 of 2nd period - Chris Kreider is hit by Joel Farabee and loses puck.
17:38 of 2nd period - Ryan Lindgren is hit by Jeremy Lauzon and loses puck.
18:04 of 2nd period - Wrist shot by Anders Lee.
18:04 of 2nd period - Shot Misses the Net.
18:06 of 2nd period - Slapshot by Ryan Lindgren.
18:06 of 2nd period - Shot Misses the Net.
18:08 of 2nd period - Slapshot by Torey Krug.
18:08 of 2nd period - Stopped by Ilya Sorokin with a rebound.
18:18 of 2nd period - Wrist shot by John-Jason Peterka.
18:18 of 2nd period - Goal by John-Jason Peterka - Boston Bruins : 1 - Calgary Flames : 3.
18:19 of 2nd period - Sebastian Aho wins face-off versus Vincent Trocheck in neutral zone.
18:53 of 2nd period - Snap shot by Alex Newhook.
18:53 of 2nd period - Shot Misses the Net.
18:55 of 2nd period - Snap shot by Evander Kane.
18:55 of 2nd period - Stopped by Ilya Sorokin with a rebound.
19:37 of 2nd period - Slapshot by Cale Makar.
19:37 of 2nd period - Deflect By Nicholas Paul.
19:37 of 2nd period - Stopped by Pyotr Kochetkov without a rebound.
19:38 of 2nd period - Sebastian Aho wins face-off versus Vincent Trocheck in Boston Bruins zone.
19:49 of 2nd period - Snap shot by Sebastian Aho.
19:49 of 2nd period - Shot Misses the Net.
Goals for this period are 1 for Boston Bruins vs 2 for Calgary Flames.
Shots for this period are 12 for Boston Bruins vs 14 for Calgary Flames.
3rd period
0:01 of 3rd period - J.T. Miller wins face-off versus Vincent Trocheck in neutral zone.
1:33 of 3rd period - Ryan Lindgren is hit by Pavel Zacha and loses puck.
1:44 of 3rd period - Oliver Bjorkstrand is hit by Andrew Copp.
2:08 of 3rd period - Evander Kane is hit by Filip Hronek and loses puck.
2:13 of 3rd period - Slapshot by Cale Makar.
2:13 of 3rd period - Stopped by Pyotr Kochetkov with a rebound.
2:33 of 3rd period - Snap shot by Joel Farabee.
2:33 of 3rd period - Goal by Joel Farabee - Boston Bruins : 2 - Calgary Flames : 3.
2:34 of 3rd period - J.T. Miller wins face-off versus Vincent Trocheck in neutral zone.
3:33 of 3rd period - Backhand shot by Eetu Luostarinen.
3:33 of 3rd period - Shot Misses the Net.
3:35 of 3rd period - Slapshot by Yegor Zamula.
3:35 of 3rd period - Deflect By Morgan Geekie.
3:35 of 3rd period - Shot Misses the Net.
3:35 of 3rd period - Puck is out of play.
3:36 of 3rd period - Vincent Trocheck wins face-off versus Matthew Tkachuk in Calgary Flames zone.
3:39 of 3rd period - Wrist shot by Vincent Trocheck.
3:39 of 3rd period - Shot Misses the Net.
3:41 of 3rd period - Slapshot by Connor Clifton.
3:41 of 3rd period - Shot Blocked by Jeremy Lauzon.
3:43 of 3rd period - Slapshot by Cam York.
3:43 of 3rd period - Stopped by Ilya Sorokin without a rebound.
3:44 of 3rd period - J.T. Miller wins face-off versus Jonathan Marchessault in Calgary Flames zone.
3:44 of 3rd period - J.T. Miller is hit by Jonathan Marchessault.
4:11 of 3rd period - Snap shot by Vincent Trocheck.
4:11 of 3rd period - Stopped by Ilya Sorokin without a rebound.
4:12 of 3rd period - Sebastian Aho wins face-off versus Alex Newhook in Calgary Flames zone.
4:14 of 3rd period - Minor Penalty to Filip Hronek for Tripping.
4:15 of 3rd period - Sebastian Aho wins face-off versus Andrew Copp in Calgary Flames zone.
4:51 of 3rd period - Snap shot by Joel Farabee.
4:51 of 3rd period - Stopped by Ilya Sorokin without a rebound.
4:52 of 3rd period - Alex Newhook wins face-off versus Sebastian Aho in Calgary Flames zone.
5:01 of 3rd period - Snap shot by Alex Newhook.
5:01 of 3rd period - Goal by Alex Newhook - Boston Bruins : 3 - Calgary Flames : 3.
5:02 of 3rd period - Alex Newhook wins face-off versus Sebastian Aho in neutral zone.
5:34 of 3rd period - Snap shot by Jonathan Marchessault.
5:34 of 3rd period - Shot Blocked by Filip Hronek.
5:36 of 3rd period - Snap shot by Vincent Trocheck.
5:36 of 3rd period - Shot Misses the Net.
5:38 of 3rd period - Slapshot by Yegor Zamula.
5:38 of 3rd period - Stopped by Ilya Sorokin without a rebound.
5:39 of 3rd period - Bo Horvat wins face-off versus Joel Farabee in Calgary Flames zone.
5:49 of 3rd period - Minor Penalty to Bo Horvat for Roughing.
5:50 of 3rd period - Sebastian Aho wins face-off versus Vincent Trocheck in Calgary Flames zone.
6:00 of 3rd period - Wrist shot by Jonathan Marchessault.
6:00 of 3rd period - Shot Misses the Net.
6:02 of 3rd period - Slapshot by Ryan Lindgren.
6:02 of 3rd period - Shot Misses the Net.
6:04 of 3rd period - Wrist shot by Jonathan Marchessault.
6:04 of 3rd period - Shot Blocked by Kris Letang.
6:06 of 3rd period - Wrist shot by Ryan Lindgren.
6:06 of 3rd period - Shot Blocked by Kris Letang.
6:50 of 3rd period - Drew Doughty is hit by Vincent Trocheck and loses puck.
7:15 of 3rd period - Sebastian Aho is hit by Andrew Copp.
7:35 of 3rd period - Andrew Copp is hit by Jeremy Lauzon and loses puck.
7:49 of 3rd period - Penalty to Bo Horvat is over, Bo Horvat is back on ice.
8:02 of 3rd period - Wrist shot by Nicholas Paul.
8:02 of 3rd period - Deflect By Morgan Geekie.
8:02 of 3rd period - Shot Blocked by Eetu Luostarinen.
8:02 of 3rd period - Puck is out of play.
8:03 of 3rd period - Morgan Geekie wins face-off versus Nicholas Paul in Boston Bruins zone.
8:03 of 3rd period - Morgan Geekie is hit by Nicholas Paul.
8:13 of 3rd period - Off-side.
8:14 of 3rd period - J.T. Miller wins face-off versus Ryan Strome in neutral zone.
8:23 of 3rd period - Slapshot by Matthew Tkachuk.
8:23 of 3rd period - Shot Blocked by Ryan Strome.
8:29 of 3rd period - Snap shot by Anders Lee.
8:29 of 3rd period - Shot Misses the Net.
8:41 of 3rd period - Evander Kane is hit by Joel Eriksson Ek and loses puck.
9:06 of 3rd period - Snap shot by Bo Horvat.
9:06 of 3rd period - Stopped by Pyotr Kochetkov with a rebound.
9:48 of 3rd period - Slapshot by J.T. Miller.
9:48 of 3rd period - Stopped by Pyotr Kochetkov without a rebound.
9:49 of 3rd period - Sebastian Aho wins face-off versus Alex Newhook in Boston Bruins zone.
10:04 of 3rd period - Snap shot by Joel Eriksson Ek.
10:04 of 3rd period - Shot Misses the Net.
10:06 of 3rd period - Slapshot by Sebastian Aho.
10:06 of 3rd period - Shot Misses the Net.
10:39 of 3rd period - Icing by Jake Middleton.
10:40 of 3rd period - Ryan Strome wins face-off versus Bo Horvat in Calgary Flames zone.
11:16 of 3rd period - Slapshot by Pavel Zacha.
11:16 of 3rd period - Stopped by Pyotr Kochetkov without a rebound.
11:17 of 3rd period - Sebastian Aho wins face-off versus Alex Newhook in Boston Bruins zone.
11:20 of 3rd period - Snap shot by Zach Hyman.
11:20 of 3rd period - Shot Misses the Net.
12:14 of 3rd period - Wrist shot by Mathieu Joseph.
12:14 of 3rd period - Stopped by Pyotr Kochetkov with a rebound.
12:20 of 3rd period - Minor Penalty to Ryan Lindgren for Hooking.
12:21 of 3rd period - J.T. Miller wins face-off versus Alex Newhook in Boston Bruins zone.
14:20 of 3rd period - Penalty to Ryan Lindgren is over, Ryan Lindgren is back on ice.
17:09 of 3rd period - Vincent Trocheck is hit by Jake Middleton and loses puck.
18:02 of 3rd period - Jeremy Lauzon is hit by Andrew Copp and loses puck.
18:16 of 3rd period - Icing by Torey Krug.
18:17 of 3rd period - Nic Dowd wins face-off versus Alex Newhook in Boston Bruins zone.
18:18 of 3rd period - Snap shot by Matthew Tkachuk.
18:18 of 3rd period - Shot Misses the Net.
18:26 of 3rd period - Jake Middleton is hit by Ryan Lindgren and loses puck.
18:48 of 3rd period - Snap shot by John-Jason Peterka.
18:48 of 3rd period - Shot Misses the Net.
18:50 of 3rd period - Wrist shot by Ryan Strome.
18:50 of 3rd period - Stopped by Ilya Sorokin without a rebound.
18:51 of 3rd period - Bo Horvat wins face-off versus Eetu Luostarinen in Calgary Flames zone.
19:19 of 3rd period - Icing by J.T. Miller.
19:20 of 3rd period - Vincent Trocheck wins face-off versus Matthew Tkachuk in Calgary Flames zone.
19:23 of 3rd period - Snap shot by Vincent Trocheck.
19:23 of 3rd period - Shot Misses the Net.
19:31 of 3rd period - John Ludvig is hit by J.T. Miller and loses puck.
19:43 of 3rd period - Icing by John-Jason Peterka.
19:44 of 3rd period - Bo Horvat wins face-off versus Ryan Strome in Boston Bruins zone.
19:45 of 3rd period - Wrist shot by Oliver Bjorkstrand.
19:45 of 3rd period - Stopped by Pyotr Kochetkov without a rebound.
19:46 of 3rd period - Bo Horvat wins face-off versus Ryan Strome in Boston Bruins zone.
19:58 of 3rd period - Minor Penalty to Anders Lee for Hooking.
19:59 of 3rd period - Alex Newhook wins face-off versus J.T. Miller in Boston Bruins zone.
Goals for this period are 2 for Boston Bruins vs 0 for Calgary Flames.
Shots for this period are 7 for Boston Bruins vs 6 for Calgary Flames.
Overtime #1
0:01 of 1st overtime period - Vincent Trocheck wins face-off versus J.T. Miller in neutral zone.
0:40 of 1st overtime period - Slapshot by Cale Makar.
0:40 of 1st overtime period - Stopped by Pyotr Kochetkov without a rebound.
0:41 of 1st overtime period - Sebastian Aho wins face-off versus Vincent Trocheck in Boston Bruins zone.
1:09 of 1st overtime period - Off-side.
1:10 of 1st overtime period - J.T. Miller wins face-off versus Jonathan Marchessault in neutral zone.
1:58 of 1st overtime period - Penalty to Anders Lee is over, Anders Lee is back on ice.
2:09 of 1st overtime period - Slapshot by Chris Kreider.
2:09 of 1st overtime period - Shot Blocked by Anders Lee.
2:11 of 1st overtime period - Slapshot by Drew Doughty.
2:11 of 1st overtime period - Shot Blocked by Anders Lee.
2:13 of 1st overtime period - Slapshot by Cale Makar.
2:13 of 1st overtime period - Shot Misses the Net.
2:15 of 1st overtime period - Snap shot by Chris Kreider.
2:15 of 1st overtime period - Stopped by Pyotr Kochetkov with a rebound.
2:17 of 1st overtime period - Slapshot by Drew Doughty.
2:17 of 1st overtime period - Stopped by Pyotr Kochetkov with a rebound.
2:19 of 1st overtime period - Slapshot by Chris Kreider.
2:19 of 1st overtime period - Stopped by Pyotr Kochetkov without a rebound.
2:20 of 1st overtime period - Alex Newhook wins face-off versus Sebastian Aho in Boston Bruins zone.
2:31 of 1st overtime period - Wrist shot by Sebastian Aho.
2:31 of 1st overtime period - Stopped by Pyotr Kochetkov with a rebound.
2:33 of 1st overtime period - Snap shot by Sebastian Aho.
2:33 of 1st overtime period - Shot Misses the Net.
2:35 of 1st overtime period - Slapshot by Kris Letang.
2:35 of 1st overtime period - Stopped by Pyotr Kochetkov without a rebound.
2:36 of 1st overtime period - Vincent Trocheck wins face-off versus Sebastian Aho in Boston Bruins zone.
2:51 of 1st overtime period - Wrist shot by Jonathan Marchessault.
2:51 of 1st overtime period - Stopped by Ilya Sorokin without a rebound.
2:52 of 1st overtime period - Sebastian Aho wins face-off versus Alex Newhook in Calgary Flames zone.
2:52 of 1st overtime period - Sebastian Aho is hit by Alex Newhook.
3:16 of 1st overtime period - Jeremy Lauzon is hit by Vincent Trocheck.
3:17 of 1st overtime period - Icing by Jeremy Lauzon.
3:18 of 1st overtime period - J.T. Miller wins face-off versus Vincent Trocheck in Calgary Flames zone.
Goals for this period are 0 for Boston Bruins vs 0 for Calgary Flames.
Shots for this period are 1 for Boston Bruins vs 6 for Calgary Flames.
ShootOut
5:00 of 1st overtime period - Round #1.
5:00 of 1st overtime period - Boston Bruins, Vincent Trocheck.
5:00 of 1st overtime period - Wrist shot by Vincent Trocheck.
5:00 of 1st overtime period - Shot Misses the Net.
5:00 of 1st overtime period - Calgary Flames, J.T. Miller.
5:00 of 1st overtime period - Backhand shot by J.T. Miller.
5:00 of 1st overtime period - Stopped by Pyotr Kochetkov.
5:00 of 1st overtime period - Round #2.
5:00 of 1st overtime period - Boston Bruins, Jonathan Marchessault.
5:00 of 1st overtime period - Wrist shot by Jonathan Marchessault.
5:00 of 1st overtime period - Stopped by Ilya Sorokin.
5:00 of 1st overtime period - Calgary Flames, Chris Kreider.
5:00 of 1st overtime period - Wrist shot by Chris Kreider.
5:00 of 1st overtime period - Stopped by Pyotr Kochetkov.
5:00 of 1st overtime period - Round #3.
5:00 of 1st overtime period - Boston Bruins, Alex Newhook.
5:00 of 1st overtime period - Backhand shot by Alex Newhook.
5:00 of 1st overtime period - Stopped by Ilya Sorokin.
5:00 of 1st overtime period - Calgary Flames, Sebastian Aho.
5:00 of 1st overtime period - Deke by Sebastian Aho.
5:00 of 1st overtime period - Shot Misses the Net.
5:00 of 1st overtime period - Round #4.
5:00 of 1st overtime period - Boston Bruins, Andrew Copp.
5:00 of 1st overtime period - Snap shot by Andrew Copp.
5:00 of 1st overtime period - Shot Misses the Net.
5:00 of 1st overtime period - Calgary Flames, Joel Eriksson Ek.
5:00 of 1st overtime period - Snap shot by Joel Eriksson Ek.
5:00 of 1st overtime period - Goal by Joel Eriksson Ek.
Back to the Top